Map: Blackrock LE

Players

LaurasBugs

  • Race: Zerg Zerg
  • League: Master

toshiiki - Winner!

  • Race: Zerg Zerg
  • League: Silver

VOD

Have the link to the VOD?

Description

Time

  • Played on: Aug. 19, 2026, 2:17 a.m.
  • Length: 10:18
Show
View Real Time Build Order
Export as new Build Order

LaurasBugs Zerg 

Build Orders: Pool First, Muta Ling Bane, Macro 

Get SALT Encoding   

  8  0:00  Drone  
  9  0:11  Drone  
  10  0:16  Drone  
  11  0:27  Overlord  
  11  0:33  Drone  
  12  0:46  Drone x2  
  14  0:51  Drone  
  15  1:05  Spawning Pool  
  15  1:08  Drone  
  15  1:12  Drone  
  16  1:33  Hatchery  
  16  1:38  Drone  
  16  1:52  Zergling x6  
  16  1:54  Extractor  
  18  2:03  Queen  
  18  2:06  Overlord  
  20  2:26  Drone x2  
  22  2:48  Drone x3  
  22  2:50  Queen  
  28  2:58  Drone x2, Metabolic Boost  
  29  3:07  Drone x2  
  31  3:13  Overlord  
  31  3:17  Drone  
  32  3:20  Baneling Nest  
  31  3:36  Hatchery  
  31  3:39  Drone  
  31  3:40  Drone  
  32  3:44  Drone  
  33  3:50  Overlord  
  33  3:51  Drone  
  33  3:53  Drone  
  33  3:55  Drone  
  36  4:00  Drone  
  37  4:08  Baneling  
  37  4:09  Baneling  
  37  4:10  Lair  
  37  4:12  Drone x2  
  39  4:17  Drone x2  
  39  4:21  Drone x2, Extractor  
  42  4:26  Overlord  
  42  4:35  Overlord, Drone  
  42  4:36  Drone  
  44  4:39  Drone  
  44  4:40  Drone x2  
  47  4:45  Extractor  
  47  4:47  Drone x2  
  47  4:48  Extractor  
  47  4:49  Drone x2  
  49  4:57  Drone x4  
  53  5:05  Drone  
  53  5:06  Drone  
  55  5:10  Overlord, Spire, Drone  
  55  5:15  Drone x2  
  57  5:26  Drone x7  
  64  5:35  Extractor  
  64  5:37  Extractor  
  62  5:46  Overlord x2  
  64  5:51  Extractor  
  64  5:52  Overlord  
  64  5:54  Overlord x2, Extractor  
  64  5:56  Queen  
  64  6:00  Zergling x16  
  72  6:21  Mutalisk x8  
  88  6:26  Mutalisk  
  88  6:29  Mutalisk  
  92  6:33  Overlord, Drone x3  
  95  6:46  Zerg Flyer Weapons Level 1  
  95  6:53  Hatchery  
  94  7:00  Overlord, Drone x11  
  101  7:51  Overlord, Drone x3  
  104  8:16  Overlord  
  104  8:17  Overlord  
  103  8:21  Drone  
  103  8:22  Drone, Spire  
  103  8:24  Centrifugal Hooks  
  103  8:28  Evolution Chamber  
  103  8:29  Evolution Chamber  
  102  8:34  Drone x16  
  102  8:39  Drone, Infestation Pit  
Show
View Real Time Build Order
Export as new Build Order

toshiiki Zerg - Winner!

Build Orders: Pool First 

Get SALT Encoding   

  8  0:00  Drone  
  9  0:14  Drone  
  10  0:16  Drone  
  11  0:29  Overlord  
  11  0:34  Drone  
  12  0:49  Drone x2  
  14  0:55  Drone  
  15  1:10  Spawning Pool  
  14  1:12  Drone  
  14  1:15  Drone  
  16  1:37  Hatchery  
  15  1:41  Drone  
  16  1:54  Extractor  
  16  1:57  Zergling x4  
  16  1:58  Zergling x2  
  18  2:15  Queen  
  18  2:17  Overlord  
  21  2:37  Drone  
  21  3:01  Drone x3  
  24  3:07  Queen  
  24  3:09  Metabolic Boost  
  24  3:12  Drone  
  27  3:27  Overlord  
  27  3:32  Drone  
  28  3:34  Drone  
  28  3:37  Drone  
  28  3:38  Drone  
  31  3:47  Baneling Nest  
  30  3:57  Drone x2  
  30  3:59  Drone  
  33  4:08  Overlord  
  33  4:14  Drone  
  34  4:26  Drone x3  
  37  4:38  Baneling  
  37  4:39  Baneling  
  37  4:44  Extractor  
  36  4:47  Drone x3  
  36  4:48  Drone x2  
  41  4:56  Lair  
  41  5:01  Extractor  
  41  5:03  Extractor  
  41  5:04  Drone x3  
  42  5:28  Drone x3  
  45  5:29  Drone  
  46  5:42  Hatchery  
  45  5:43  Drone x2  
  45  5:44  Drone  
  48  6:05  Spire  
  47  6:21  Drone  
  47  6:24  Overseer  
  48  6:32  Overlord x3  
  48  6:53  Drone x4  
  48  6:54  Drone x2  
  53  6:55  Drone x3  
  53  6:56  Drone x3  
  53  6:59  Overlord x2  
  58  7:07  Queen  
  59  7:10  Drone x4  
  59  7:11  Drone  
  59  7:12  Drone x2  
  66  7:33  Extractor  
  65  7:40  Mutalisk x7  
  65  7:41  Mutalisk x3  
  85  8:08  Drone x2  
  85  8:09  Drone x2  
  89  8:40  Evolution Chamber  
  88  8:45  Infestation Pit  
Tags
 
Add a new tag
Caveats
  • Supply blocks, unpowered buildings, or Contaminate may cause inaccurate times.
  • Supply counts are checked every 10 seconds.